 Dungeon Crawl Stone Soup version 0.22.1-1-ga44c0e5 (webtiles) character file.

4494 Lauz the Thaumaturge (level 10, -5/50 HPs)
             Began as a Deep Elf Fire Elementalist on Nov 1, 2018.
             Was a Follower of Vehumet.
             Slain by an orc warrior
             ... wielding a +0 flail
              (7 damage)
             ... on level 6 of the Dungeon.
             The game lasted 00:46:27 (10500 turns).

Lauz the Thaumaturge (Deep Elf Fire Elementalist)  Turns: 10500, Time: 00:46:27

Health: -5/50      AC:  2    Str:  5    XL:     10   Next: 16%
Magic:  3/27       EV: 14    Int: 24    God:    Vehumet [*.....]
Gold:   340        SH:  0    Dex: 15    Spells: 18/31 levels left

rFire    . . .     SeeInvis .   v - staff of earth
rCold    . . .     Gourm    .   (no shield)
rNeg     . . .     Faith    .   a - +0 robe
rPois    .         Spirit   .   (no helmet)
rElec    .         Reflect  .   (no cloak)
rCorr    .         Harm     .   (no gloves)
MR       +....                  (no boots)
Stlth    ++........             (no amulet)
HPRegen  0.16/turn              (no ring)
MPRegen  0.20/turn              (no ring)

@: marked
A: no striking features
a: Renounce Religion


You were on level 6 of the Dungeon.
You worshipped Vehumet.
Vehumet was aware of your devotion.
You were not hungry.

You visited 2 branches of the dungeon, and saw 9 of its levels.

You collected 340 gold pieces.

Inventory:

Hand Weapons
 u - a +0 dagger
Armour
 a - a +0 robe (worn)
Magical Staves
 v - an uncursed staff of earth (weapon)
Wands
 w - a wand of paralysis (4)
 x - a wand of flame (33)
 y - a wand of polymorph (17)
Scrolls
 b - 8 scrolls of teleportation {unknown}
 d - a scroll of magic mapping {unknown}
 f - 3 scrolls of remove curse
 g - 5 scrolls of identify {unknown}
 i - 2 scrolls of amnesia
 o - a scroll of enchant armour {unknown}
 q - a scroll of enchant weapon {unknown}
 r - a scroll of fog {unknown}
 t - a scroll of immolation {unknown}
Potions
 e - 2 potions of curing {unknown}
 h - a potion of might {unknown}
 j - a potion of mutation {unknown}
 k - 2 potions of degeneration {unknown}
 l - a potion of invisibility {unknown}
 m - a potion of resistance
 n - 2 potions of agility {unknown}
 p - 3 potions of haste {unknown}
 s - a potion of brilliance {unknown}
Comestibles
 c - 3 rations


   Skills:
 + Level 3.8 Dodging
 - Level 2.4 Stealth
 + Level 11.1 Spellcasting
 * Level 10.5 Conjurations
 + Level 8.5 Fire Magic


You had 18 spell levels left.
You knew the following spells:

 Your Spells              Type           Power        Failure   Level  Hunger
a - Flame Tongue          Conj/Fire      #####        1%          1    None
b - Conjure Flame         Conj/Fire      ######..     1%          3    None
c - Sticky Flame          Conj/Fire      ######..     1%          4    None
d - Fireball              Conj/Fire      ######....   2%          5    ####...

Your spell library contained the following spells:

 Spells                   Type           Power        Failure   Level  Hunger
 Sting                    Conj/Pois      ####         1%          1    None
 Throw Flame              Conj/Fire      ######       1%          2    None
 Inner Flame              Hex/Fire       ####....     2%          3    None
 Animate Skeleton         Necr           N/A          4%          1    None
 Pain                     Necr           ##..         4%          1    None
 Regeneration             Chrm/Necr      ##........   14%         3    None
 Vampiric Draining        Necr           ##........   14%         3    None
 Animate Dead             Necr           N/A          43%         4    None


Dungeon Overview and Level Annotations

Branches:
Dungeon (8/15)             Temple (1/1) D:6
   Lair: D:8-11

Altars:
Ashenzari
Cheibriados
Dithmenos
Elyvilon
Fedhas
Hepliaklqana
Kikubaaqudgha
Makhleb
Nemelex Xobeh
Okawaru
Qazlal
Ru
Sif Muna
Trog
Uskayaw
Vehumet
Wu Jian
Xom
Yredelemnul
Zin
The Shining One

Shops:
D:4 !

Annotations:
D:8 exclusion: wight, Harold


Message History

Casting: Flame Tongue (safe; 1% risk of failure)
Confirm with . or Enter, or press ? or * to list all spells.
Aiming: Flame Tongue (safe; 1% risk of failure)
Press: ? - help, Shift-Dir - straight line, f - orc
Aim: an orc, wielding a hand axe and wearing a ring mail The flame tongue hits the orc.
You kill the orc!
Vehumet accepts your kill.
You start resting.
The orc warrior is too close now for your liking.
As you read the scroll labeled OMY KOUXAUB, it crumbles to dust.
You feel blessed for a moment.
It was a scroll of remove curse.
As you read the scroll labeled LAS BOIHUNIEX, it crumbles to dust.
It is a scroll of amnesia.
Okay, then.
The orc warrior hits you with a flail!
* * * LOW HITPOINT WARNING * * *
You open the door. The orc warrior hits you with a flail!
You die...

### #.# ..# #.# #.#
###@### #..o..###
#.......############
#...................
#.........[.........
#...)((.............
######........(.....
#.......(..(...
..#......(.......


You could see an orc warrior.

Vanquished Creatures
  A two-headed ogre (D:8)
  A wyvern (D:8)
  Edmund (D:6)
  Duvessa (D:6)
  4 ice beasts
  A black bear (D:7)
  A sky beast (D:7)
  A phantom (D:5)
  2 eyes of draining (D:7)
  A necrophage (D:7)
  3 orc warriors
  4 centaurs
  5 ogres
  A big kobold (D:8)
  A bullfrog (D:6)
  Dowan (D:6)
  4 scorpions
  3 howler monkeys
  An electric eel (D:7)
  2 bullfrog zombies
  A quasit (D:7)
  3 hounds
  2 jellies (D:8)
  2 orc priests
  4 orc wizards
  3 bullfrog skeletons
  A centaur skeleton (D:7)
  2 iguanas (D:5)
  7 worker ants
  A statue (D:7)
  2 hound skeletons
  9 adders
  3 shadow imps
  2 adder skeletons (D:5)
  6 worms
  A dart slug (D:1)
  7 leopard geckos
  24 orcs
  3 ball pythons
  4 bats
  11 giant cockroaches
  4 goblins
  5 hobgoblins
  8 jackals
  4 quokkas
  18 frilled lizards
  A giant cockroach zombie (D:5)
  11 kobolds
  A leopard gecko skeleton (D:5)
  2 leopard gecko zombies (D:6)
  5 rats
196 creatures vanquished.

Vanquished Creatures (others)
  A plant (D:1)
1 creature vanquished.

Grand Total: 197 creatures vanquished

Notes
Turn   | Place    | Note
-------+----------+-------------------------------------------
     0 | D:1      | Lauz the Deep Elf Fire Elementalist began the quest for the
                  | Orb.
     0 | D:1      | Reached XP level 1. HP: 10/10 MP: 6/6
   237 | D:1      | Reached XP level 2. HP: 15/15 MP: 5/8
   644 | D:1      | Reached XP level 3. HP: 19/19 MP: 6/10
   654 | D:1      | Learned a level 3 spell: Conjure Flame
  1698 | D:2      | Found a glowing silver altar of Zin.
  1793 | D:2      | Found an ornate altar of the Wu Jian Council.
  1917 | D:2      | Reached skill level 4 in Spellcasting
  1917 | D:2      | Reached XP level 4. HP: 24/24 MP: 9/12
  2031 | D:3      | Found a sparkling altar of Nemelex Xobeh.
  2054 | D:3      | Found a shattered altar of Ashenzari.
  2849 | D:4      | Found Ladiliph's Distillery.
  2966 | D:4      | Reached XP level 5. HP: 27/28 MP: 8/13
  2972 | D:4      | Learned a level 4 spell: Sticky Flame
  3186 | D:4      | Reached skill level 5 in Fire Magic
  3266 | D:4      | Found a shadowy altar of Dithmenos.
  3266 | D:4      | Noticed an ogre
  3307 | D:4      | Killed an ogre
  3307 | D:4      | Reached skill level 5 in Spellcasting
  3307 | D:4      | Reached XP level 6. HP: 32/32 MP: 6/15
  3582 | D:4      | Found a white marble altar of Elyvilon.
  3776 | D:5      | Entered Level 5 of the Dungeon
  3957 | D:5      | Found a sacrificial altar of Ru.
  4262 | D:5      | Reached skill level 5 in Conjurations
  4262 | D:5      | Reached XP level 7. HP: 28/36 MP: 11/17
  4361 | D:5      | Reached skill level 6 in Spellcasting
  5383 | D:5      | Found a hide-covered altar of Uskayaw.
  5870 | D:6      | Reached skill level 7 in Spellcasting
  5934 | D:5      | Learned a level 5 spell: Fireball
  6029 | D:6      | Reached XP level 8. HP: 41/41 MP: 16/20
  6060 | D:6      | Found a staircase to the Ecumenical Temple.
  6066 | Temple   | Entered the Ecumenical Temple
  6220 | D:6      | Noticed Edmund
  6237 | D:6      | Killed Edmund
  6462 | D:6      | Noticed Duvessa
  6472 | D:6      | Killed Duvessa
  6479 | D:6      | Reached skill level 8 in Spellcasting
  6589 | D:6      | Noticed Dowan
  6595 | D:6      | Killed Dowan
  7066 | D:7      | Found a bloodstained altar of Trog.
  7189 | D:7      | Reached skill level 9 in Spellcasting
  7189 | D:7      | Reached XP level 9. HP: 45/45 MP: 0/24
  7631 | D:7      | Found a radiant altar of Vehumet.
  8072 | D:7      | Became a worshipper of Vehumet
  8449 | D:7      | Reached * piety under Vehumet
  8449 | D:7      | Offered knowledge of Sting by Vehumet.
  8630 | D:7      | Reached skill level 10 in Spellcasting
  9183 | D:8      | Found a blossoming altar of Fedhas.
  9778 | D:8      | Reached skill level 10 in Conjurations
  9814 | D:8      | Noticed Harold
 10375 | D:8      | Noticed a two-headed ogre
 10382 | D:8      | Killed a two-headed ogre
 10382 | D:8      | Reached skill level 11 in Spellcasting
 10382 | D:8      | Reached XP level 10. HP: 50/50 MP: 7/27
 10496 | D:6      | HP: 2/50 [orc warrior/flail (17)]
 10500 | D:6      | Slain by an orc warrior

Skill      XL: |  1  2  3  4  5  6  7  8  9 |
---------------+----------------------------+-----
Fire Magic     | 4 5 6 7 8 |  8.5
Conjurations   | 2 3 5 6 8 10 | 10.5
Spellcasting   | 4 5 7 9 11 | 11.1
Dodging        | 3 |  3.8
Stealth        | |  2.4

Action                   |  1- 3 |  4- 6 |  7- 9 | 10-12 || total
-------------------------+-------+-------+-------+-------++-------
Melee: Unarmed           |       |       |     9 |       ||     9
       Staff             |       |       |   142 |     2 ||   144
 Cast: Flame Tongue      |    77 |   104 |   225 |     3 ||   409
       Conjure Flame     |     1 |     3 |     3 |       ||     7
       Sticky Flame      |       |     8 |    35 |     3 ||    46
       Fireball          |       |       |    19 |     4 ||    23
  Use: Scroll            |       |       |       |     2 ||     2
  Eat: Chunk             |     2 |     9 |    15 |       ||    26
       Ration            |       |       |     3 |       ||     3
Armor: Robe              |     2 |     2 |     6 |     1 ||    11
Dodge: Dodged            |    14 |    14 |    84 |    15 ||   127
